 Dungeon Crawl Stone Soup version 0.30.1 (webtiles) character file.

Game seed: 6334897482386003975

67 byup00 the Shooter (level 4, 0/27 HPs)
             Began as a Kobold Hunter on July 12, 2023.
             Succumbed to an adder's poison
             ... on level 2 of the Dungeon.
             The game lasted 00:15:09 (1686 turns).

byup00 the Shooter (Kobold Hunter)                  Turns: 1686, Time: 00:15:10

Health: 0/27       AC:  3    Str:  8    XL:     4   Next: 40%
Magic:  4/4        EV: 15    Int: 10    God:
Gold:   85         SH:  0    Dex: 20    Spells: 3/3 levels left

rFire   . . .        a - +0 shortbow
rCold   . . .        (shield currently unavailable)
rNeg    . . .        c - +0 leather armour
rPois   .            (no helmet)
rElec   .            (no cloak)
rCorr   .            (no gloves)
SInv    .            (no boots)
Will    .....        (no amulet)
Stlth   +++          (no ring)
HPRegen 0.24/turn    (no ring)
MPRegen 0.09/turn

%: no passive effects
@: brilliant, lethally poisoned (0 -> -2)
A: small, no large weapons, nightstalker 3
a: no special abilities


You were on level 2 of the Dungeon.
You visited 1 branch of the dungeon, and saw 2 of its levels.

You collected 85 gold pieces.

Inventory:

Hand Weapons
 a - a +0 shortbow (weapon)
Missiles
 f - 6 poisoned darts
 g - 13 stones
Armour
 c - a +0 leather armour (worn)
Scrolls
 b - a scroll of immolation
 d - a scroll of noise {unknown}
 h - a scroll of vulnerability {unknown}
 i - a scroll of blinking {unknown}
 k - a scroll of acquirement {unknown}
 l - a scroll of enchant weapon {unknown}
 m - 2 scrolls of fog {unknown}
Potions
 e - 2 potions of haste {unknown}
 j - a potion of magic {unknown}


   Skills:
 + Level 2.9 Fighting
 + Level 6.6 Ranged Weapons
 + Level 0.7 Armour
 + Level 2.6 Dodging
 + Level 1.4 Stealth


You had 3 spell levels left.
You didn't know any spells.
Your spell library was empty.

Dungeon Overview and Level Annotations

Branches:
Dungeon (2/15)

Altars:

Shops:
D:2 :


Innate Abilities, Weirdness & Mutations

You are small and have problems with some larger weapons.
You are completely attuned to the shadows.


Message History

Press: ? - help, Q - select action, (/) - cycle Shift-Dir - straight line, f - adder
Aim: an adder (51% to hit)
You shoot an arrow. The arrow misses the adder.
The adder bites you.
* * * LOW HITPOINT WARNING * * *
The adder misses you.
Fire: a) +0 shortbow
Press: ? - help, Q - select action, (/) - cycle Shift-Dir - straight line, f/p - adder
Aim: an adder (51% to hit)
You shoot an arrow. The arrow closely misses the adder.
The adder bites you.
* * * LOW HITPOINT WARNING * * *
You are poisoned.
The adder poisons you!
Fire: a) +0 shortbow
Press: ? - help, Q - select action, (/) - cycle Shift-Dir - straight line, f/p - adder
Aim: an adder (51% to hit)
You shoot an arrow. The arrow hits the adder.
The adder is lightly wounded.
* * * LOW HITPOINT WARNING * * *
You feel sick. The adder misses you. The adder closely misses you.
Fire: a) +0 shortbow
Press: ? - help, Q - select action, (/) - cycle Shift-Dir - straight line, f/p - adder
Aim: an adder (lightly wounded, 51% to hit)
You shoot an arrow. The arrow hits the adder!
You kill the adder!
* * * LOW HITPOINT WARNING * * *
You feel sick. The ball python misses you. The ball python grabs you.
The ball python constricts you.
* * * LOW HITPOINT WARNING * * *
It was a potion of brilliance.
You feel clever all of a sudden.
* * * LOW HITPOINT WARNING * * *
You feel sick. The ball python barely misses you.
The ball python constricts you.
Fire: a) +0 shortbow
Press: ? - help, Q - select action, (/) - cycle Shift-Dir - straight line You shoot an arrow.
The arrow hits the ball python!
You kill the ball python!
You die...

### #.##....####
...######.##....##..
.##....[.#.##....##..
..#......#..'........
.........####....#...
.##.......##..........
#.#.......##.######...
#.##.....##.#........
.#.#@.....†.##.######
#)####.#####.# #<.
#..†#.K[#.#####.# ###
##.. S.$#....##.# ....
S.?#.##.##.# ..##
####.##.##.# ..##.##.#
#####.##.## .........#


There were no monsters in sight!

Vanquished Creatures
  A gnoll (D:2)
  2 adders (D:2)
  A worm (D:2)
  2 dart slugs
  4 ball pythons
  3 endoplasms
  3 giant cockroaches
  5 goblins
  A hobgoblin (D:1)
  2 kobolds
  5 bats
  A frilled lizard (D:2)
  4 rats (D:1)
34 creatures vanquished.

Notes
Turn   | Place    | Note
-------+----------+-------------------------------------------
     0 | D:1      | byup00 the Kobold Hunter began the quest for the Orb.
     0 | D:1      | Reached XP level 1. HP: 12/12 MP: 1/1
   212 | D:1      | Reached XP level 2. HP: 17/17 MP: 2/2
   644 | D:1      | Reached skill level 6 in Ranged Weapons
   822 | D:1      | Reached XP level 3. HP: 22/22 MP: 3/3
  1346 | D:2      | Found Yrogiep's Book Boutique.
  1674 | D:2      | Reached XP level 4. HP: 12/27 MP: 4/4
  1686 | D:2      | Succumbed to an adder's poison

Illustrated notes

Levels and vault maps discovered:
D:1:      ncdulo_watergridlock, layout_basic, minivault_5,
          amcnicky_mini_corridor_feature, chequers_serial_rivers_large_b,
          chequers_serial_rivers_large_a, grunt_decor_resistance
D:2:      layout_basic, serial_shops, nicolae_square_shop, minmay_vboxes

Skill      XL: |  1  2 |
---------------+-------+-----
Ranged Weapons | 6 |  6.6
Fighting       | |  2.9
Armour         | |  0.7
Dodging        | |  2.6
Stealth        | |  1.4

Action                     |  1- 3 |  4- 6 || total
---------------------------+-------+-------++-------
   Fire: Shortbow          |    73 |    12 ||    85
    Use: Potion            |       |     1 ||     1
 Armour: Leather armour    |     6 |     1 ||     7
  Dodge: Dodged            |    27 |     6 ||    33
